 Dungeon Crawl Stone Soup version 0.14-a0-2001-g390038d (webtiles) character file.

2140 Kae the Basher (level 8, 0/64 HPs)
             Began as a Minotaur Fighter on Jan 18, 2014.
             Succumbed to poison (a potion of poison)
             ... on Level 7 of the Dungeon.
             The game lasted 00:06:12 (5033 turns).

Kae the Basher (Minotaur Fighter)                   Turns: 5033, Time: 00:06:12

HP   0/64        AC 11     Str 23      XL: 8   Next: 85%
MP   2/3         EV  6     Int 11      God:
Gold 318         SH 18     Dex  6      Spells:  0 memorised,  7 levels left

rFire  + . .     SeeInvis .     a - +1 mace
rCold  . . .     Clarity  .     b - +1 scale mail
rNeg   . . .     Conserve +     c - +0 shield
rPois  .         rCorr    +     (helmet restricted)
rElec  .         rRot     .     q - +2 cloak {rCorr, Cons}
SustAb . .       Spirit   +     (no gloves)
rMut   .         Warding  .     (no boots)
Saprov . . .     Stasis   .     v - amulet of guardian spirit
MR     .....                    w - ring of protection from fire
                                g - +6 ring of intelligence

@: mildly poisoned, drained, not resistant to hostile enchantments, extremely
unstealthy
A: retaliatory headbutt, horns 2, carnivore 1, clumsy 2
a: no special abilities


You were on level 7 of the Dungeon.
You were very hungry.

You visited 2 branches of the dungeon, and saw 8 of its levels.

You collected 318 gold pieces.

Inventory:

Hand weapons
 a - a +1,+1 mace (weapon)
Missiles
 p - 7 tomahawks of returning (quivered)
Armour
 b - a +1 scale mail (worn)
 c - a +0 shield (worn)
 q - a +2 cloak of preservation (worn)
Magical devices
 e - a wand of slowing (11)
 l - a wand of magic darts (18) {unknown}
 m - a wand of disintegration (10)
 o - a wand of teleportation (4)
 y - a wand of draining (4)
Comestibles
 d - 8 bread rations
 f - 2 apples
 h - 3 chokos
 k - a meat ration
 n - a pear
 u - a rambutan
Scrolls
 j - 2 scrolls of remove curse
 r - a scroll of enchant armour
 s - 2 scrolls of identify
Jewellery
 g - a +6 ring of intelligence (left hand)
 v - an amulet of guardian spirit (around neck)
 w - a ring of protection from fire (right hand)
Books
 t - a book of Clouds

   Spells                             Type                      Level
   Mephitic Cloud                     Conjuration/Poison/Air       3
   Conjure Flame                      Conjuration/Fire             3
   Poisonous Cloud                    Conjuration/Poison/Air       6
   Freezing Cloud                     Conjuration/Ice/Air          6
   Ring of Flames                     Charms/Fire                  7


   Skills:
 - Level 3.6(3.5) Fighting
 + Level 13.3(13.1) Maces & Flails
 - Level 3.6(3.5) Armour
 - Level 3.6(3.5) Shields


You had 7 spell levels left.
You didn't know any spells.

Dungeon Overview and Level Annotations

Branches:
Dungeon (7/16)             Temple (1/1) D:5

Altars:
Ashenzari
Cheibriados
Dithmengos
Elyvilon
Fedhas
Makhleb
Nemelex Xobeh
Sif Muna
Trog
Vehumet
Xom
Yredelemnul
Zin

Shops:
D:6 :

Annotations:
D:7 Sigmund


Innate Abilities, Weirdness & Mutations

You reflexively headbutt those who attack you in melee.
You have a pair of horns on your head.
Your digestive system is specialised to digest meat.
You are very clumsy. (Dex -4)


Message History

* * * LOW HITPOINT WARNING * * *
You feel sick.
* * * LOW HITPOINT WARNING * * *
You feel sick.
You feel a little better.
* * * LOW HITPOINT WARNING * * *
You feel sick.
* * * LOW HITPOINT WARNING * * *
You feel sick.
* * * LOW HITPOINT WARNING * * *
You feel sick.
* * * LOW HITPOINT WARNING * * *
You feel sick.
You feel a little better.
Sigmund shouts!
Sigmund asks, "Do you like me?"
* * * LOW HITPOINT WARNING * * *
You feel sick.
You feel a little better.
You die...

#.# #... #)#
#..# #)######
#..#
##..)...#
#..#
#.....#.#
#..#
#####.....#.#
#...
#.....@...#.#
##.#
#.###.....#.#
#.# #@#
#.....#.# #.#
#.# ###.###.#
... #.# #.#
#@# #.# #.#
#g# #.# #.#
#g# #.# #.#
#.# #.# #.#
#.# #.# #.#
#.# #.# . #.#


There were no monsters in sight!

Vanquished Creatures
  Eustachio (D:6)
  A phantom (D:4)
  An ice beast (D:5)
  3 ogres
  A centaur (D:5)
  3 giant frogs
  5 wights (D:7)
  The ghost of M4edhros the Charlatan, a weakling OpAr (D:3)
  2 crimson imps
  A centaur skeleton (D:5)
  2 jellies
  A centaur zombie (D:5)
  A giant frog zombie (D:6)
  2 hounds
  Crazy Yiuf (D:2)
  A scorpion (D:7)
  3 orc wizards
  A worker ant (D:7)
  An iguana (D:5)
  Ijyb (D:6)
  A hound skeleton (D:6)
  2 gnolls
  An adder (D:4)
  2 giant mites
  2 worms
  An iguana skeleton (D:5)
  9 giant geckos
  24 orcs
  13 bats
  8 giant cockroaches
  11 goblins
  15 hobgoblins
  11 jackals
  15 kobolds
  6 quokkas
  A giant cockroach zombie (D:6)
  3 giant newts
  A kobold skeleton (D:4)
  7 rats
166 creatures vanquished.

Notes
Turn   | Place    | Note
--------------------------------------------------------------
     0 | D:1      | Kae, the Minotaur Fighter, began the quest for the Orb.
     0 | D:1      | Reached XP level 1. HP: 19/19 MP: 1/1
   148 | D:1      | Reached XP level 2. HP: 24/26 MP: 1/1
   436 | D:1      | Reached skill level 4 in Maces & Flails
   610 | D:2      | Reached XP level 3. HP: 31/31 MP: 2/2
   713 | D:2      | Noticed Crazy Yiuf
   780 | D:2      | Killed Crazy Yiuf
   780 | D:2      | Reached skill level 5 in Maces & Flails
   780 | D:2      | Reached XP level 4. HP: 15/39 MP: 0/2
   797 | D:2      | Identified a +2 cloak of preservation (You took it off Crazy Yiuf on level 2 of the Dungeon)
  1364 | D:3      | Reached skill level 6 in Maces & Flails
  1364 | D:3      | Reached XP level 5. HP: 17/45 MP: 2/2
  1827 | D:3      | Noticed a giant frog
  1832 | D:3      | Killed a giant frog
  1832 | D:3      | Reached skill level 7 in Maces & Flails
  1921 | D:3      | Noticed M4edhros' ghost (weakling OpAr)
  1932 | D:3      | Killed M4edhros' ghost
  1935 | D:3      | Reached XP level 6. HP: 37/51 MP: 3/3
  2159 | D:4      | Gained mutation: Your digestive system is specialised to digest meat. [potion of mutation]
  2159 | D:4      | Gained mutation: You are clumsy. (Dex -2) [potion of mutation]
  2159 | D:4      | Gained mutation: You are very clumsy. (Dex -4) [potion of mutation]
  2216 | D:4      | Found a blossoming altar of Fedhas.
  2224 | D:4      | Reached skill level 8 in Maces & Flails
  2452 | D:4      | Reached skill level 9 in Maces & Flails
  2634 | D:4      | Reached XP level 7. HP: 57/57 MP: 3/3
  2870 | D:5      | Entered Level 5 of the Dungeon
  2963 | D:5      | Reached skill level 10 in Maces & Flails
  2981 | D:5      | Found a staircase to the Ecumenical Temple.
  2989 | Temple   | Entered the Ecumenical Temple
  3559 | D:5      | Reached skill level 11 in Maces & Flails
  3624 | D:5      | Reached XP level 8. HP: 64/64 MP: 3/3
  3906 | D:6      | Found Pnapnix's Book Boutique.
  4081 | D:6      | Noticed Eustachio
  4107 | D:6      | Killed Eustachio
  4107 | D:6      | Reached skill level 12 in Maces & Flails
  4387 | D:6      | Noticed Ijyb
  4393 | D:6      | Killed Ijyb
  4883 | D:7      | Found a sparkling altar of Nemelex Xobeh.
  4924 | D:7      | Reached skill level 13 in Maces & Flails
  4969 | D:7      | Noticed Sigmund
  5027 | D:7      | HP: 3/64 [poison (a potion of poison)]
  5030 | D:7      | HP: 1/64 [poison (a potion of poison)]
  5033 | D:7      | Succumbed to poison (a potion of poison)

Action                   |  1- 3 |  4- 6 |  7- 9 || total
-------------------------+-------+-------+-------++-------
Melee: Mace              |    75 |   188 |   252 ||   515
Evoke: Wand              |       |     1 |       ||     1
  Use: Scroll            |       |     9 |    11 ||    20
       Potion            |       |     5 |     4 ||     9
